Description

nydus queen ling allin

after 3:47 you should be spamming zerglings, youll get about 50-60 zerglings before 5 min.

Build Order

Get SALT Encoding   

  13  0:01  Drone  
  13  0:13  Overlord  
  14  0:20  Drone  
  15  0:31  Drone x2  
  15  0:51  Hatchery  
  16  0:54  Drone  
  17  0:57  Drone  
  16  1:08  Extractor  
  15  1:15  Spawning Pool  
  16  1:19  Drone  
  17  1:25  Drone  
  18  1:26  Drone  
  19  1:32  Drone  
  19  1:41  Overlord  
  20  1:54  Drone  
  22  2:02  Queen  
  24  2:03  Queen  
  24  2:09  Metabolic Boost  
  25  2:12  Zergling x2  
  24  2:48  Lair  
  27  3:45  Nydus Network  
  28  3:47  Queen  
Spawning Tool Build Advisor. Get it on Overwolf

Go to:

Details

  • Created by: mikka77
  • Published on: Feb 16, 2019
  • Modified on: Feb 17, 2019
  • Patch: 4.7.1
Show
View Real Time Build Order
Export as new Build Order

Comments (0)

There are no comments. Be the first!

Create an account to comment!